 Dungeon Crawl Stone Soup version 0.19-a0-611-gb5a7e8d (webtiles) character file.

304 shmeve the Skirmisher (level 6, -15/85 HPs)
             Began as a Minotaur Berserker on June 12, 2016.
             Was a Priest of Trog.
             Demolished by an orc warrior
             ... wielding a +0 scimitar
              (20 damage)
             ... on level 4 of the Dungeon.
             The game lasted 00:05:24 (3219 turns).

shmeve the Skirmisher (Minotaur Berserker)          Turns: 3219, Time: 00:05:24

Health: -15/85     AC:  9    Str: 28    XL:     6   Next: 15%
Magic:  5/5        EV:  9    Int:  4    God:    Trog [***...]
Gold:   151        SH:  0    Dex: 10    Spells: 0 memorised, 5 levels left

rFire  . . .     SeeInvis .     a - +0 hand axe
rCold  . . .     Gourm    .     l - +0 chain mail
rNeg   . . .     Faith    .     (no shield)
rPois  .         Spirit   .     (helmet restricted)
rElec  .         Dismiss  .     (no cloak)
rCorr  .         Reflect  .     (no gloves)
SustAt .         Harm     .     (no boots)
MR     .....                    (no amulet)
Stlth  ..........               (no ring)
                                (no ring)

@: berserking, very quick, not resistant to hostile enchantments, extremely
unstealthy
A: retaliatory headbutt, horns 2
a: Berserk, Trog's Hand, Burn Spellbooks, Renounce Religion


You were on level 4 of the Dungeon.
You worshipped Trog.
Trog was most pleased with you.
You were hungry.

You visited 1 branch of the dungeon, and saw 4 of its levels.

You collected 151 gold pieces.

Inventory:

Hand Weapons
 a - a +0 hand axe (weapon)
 f - a +0 hunting sling
Armour
 l - a +0 chain mail (worn)
Scrolls
 b - a scroll of magic mapping {unknown}
 h - a scroll of remove curse {unknown}
 k - 7 scrolls of identify {unknown}
 m - 2 scrolls of teleportation {unknown}
 n - a scroll of noise {unknown}
 p - a scroll of recharging {unknown}
Potions
 d - a potion of might {unknown}
 e - 2 potions of curing {unknown}
 g - a potion of ambrosia {unknown}
 i - 2 potions of haste {unknown}
 j - a potion of lignification {unknown}
 o - a potion of brilliance {unknown}
Comestibles
 c - 4 bread rations
 q - a meat ration
 s - a slice of pizza


   Skills:
 * Level 5.8 Fighting
 * Level 5.4 Axes
 + Level 2.1 Slings
 + Level 3.4 Armour
 + Level 2.8 Dodging


You had 5 spell levels left.
You didn't know any spells.

Dungeon Overview and Level Annotations

Branches:
Dungeon (4/15)
 Temple: D:4-7

Altars:
Cheibriados
Zin


Innate Abilities, Weirdness & Mutations

You reflexively headbutt those who attack you in melee.
You have a pair of horns on your head.


Message History

Trog accepts your kill.
You closely miss the howler monkey. The howler monkey hits you.
The orc barely misses you. You furiously retaliate!
You headbutt the orc!
You kill the orc!
Trog accepts your kill.
The orc warrior hits you with a scimitar!!
* * * LOW HITPOINT WARNING * * *
You slash the orc warrior!
The orc warrior is severely wounded.
You hit the howler monkey.
The howler monkey is moderately wounded.
The howler monkey hits you but does no damage.
You barely miss the orc warrior. Your headbutt misses the orc warrior.
The orc warrior is severely wounded.
You hit the howler monkey.
The howler monkey is heavily wounded.
Your chain mail prevents you from hitting the adder skeleton.
The howler monkey closely misses you.
The orc warrior hits you with a scimitar!!
You die...

##....####....
..### ##....##
####. .....#
##....## ##
......###....##
.......#....##
...........##
..ยง........##
......h.[...##.
......o@........
......oZ[.##.....
...........###...
...........#
##...##
........?...#
#...##
............#
##>...#
.....%......#
###......
...........##
#........
#........


You could see an orc warrior, a howler monkey, an orc wizard and an adder
skeleton.

Vanquished Creatures
  A centaur (D:3)
  A centaur skeleton (D:3)
  An orc wizard (D:3)
  A hound skeleton (D:3)
  A worker ant zombie (D:3)
  5 adders
  An adder skeleton (D:3)
  2 adder zombies (D:3)
  A worm (D:2)
  4 giant geckos
  8 orcs
  3 ball pythons (D:2)
  5 giant cockroaches
  6 goblins
  10 hobgoblins
  7 kobolds
  A quokka (D:4)
  7 bats
  3 giant newts
  A jackal zombie (D:3)
  13 rats
82 creatures vanquished.

Notes
Turn   | Place    | Note
--------------------------------------------------------------
     0 | D:1      | shmeve the Minotaur Berserker began the quest for the Orb.
     0 | D:1      | Reached XP level 1. HP: 19/19 MP: 0/0
   276 | D:1      | Reached XP level 2. HP: 14/27 MP: 1/1
  1320 | D:2      | Reached XP level 3. HP: 26/34 MP: 2/2
  1346 | D:2      | Reached ** piety under Trog
  1684 | D:2      | Found a glowing silver altar of Zin.
  1746 | D:2      | Found a snail-covered altar of Cheibriados.
  2223 | D:3      | Reached XP level 4. HP: 41/41 MP: 3/3
  2361 | D:3      | Reached skill level 5 in Fighting
  2379 | D:3      | Reached skill level 1 in Slings
  2625 | D:3      | Reached *** piety under Trog
  2625 | D:3      | Reached XP level 5. HP: 47/48 MP: 4/4
  2643 | D:3      | Reached skill level 5 in Axes
  2952 | D:3      | Noticed a centaur
  2956 | D:3      | Killed a centaur
  2956 | D:3      | Reached XP level 6. HP: 39/57 MP: 5/5
  3211 | D:4      | Noticed an orc warrior
  3219 | D:4      | Demolished by an orc warrior

Vault maps used:
D:1:      onia_arrival_larder
D:2:      lemuel_round_altar, marbit_many_paths, minmay_misc_feat_five
D:3:      nicolae_overflow_hidden_temple, serial_undead, serial_undead_f,
          serial_undead_b, serial_undead_f, serial_undead_e, serial_undead_d,
          serial_undead_c, first_bread
D:4:      kennysheep_spiral_hall

Skill      XL: |  1  2  3  4  5 |
---------------+----------------+-----
Fighting       | 4 5 |  5.8
Axes           | 4 5 |  5.4
Slings         | 1 2 |  2.1
Armour         | 3 |  3.4
Dodging        | |  2.8

Action                   |  1- 3 |  4- 6 || total
-------------------------+-------+-------++-------
Melee: Hand axe          |    80 |    96 ||   176
       Headbutt          |    11 |    18 ||    29
Invok: Berserk           |       |     1 ||     1
 Stab: Sleeping          |     1 |       ||     1
  Eat: Chunk             |     4 |     3 ||     7
Armor: Animal skin       |    13 |       ||    13
       Chain mail        |    12 |    58 ||    70
Dodge: Dodged            |    47 |    49 ||    96
